 Dungeon Crawl Stone Soup version 0.18-b1-18-g7758cf2 (webtiles) character file.

40 oplop the Chiller (level 3, 0/24 HPs)
             Began as a Merfolk Ice Elementalist on May 2, 2016.
             Slain by a goblin
             ... wielding a +0 club
              (2 damage)
             ... on level 2 of the Dungeon.
             The game lasted 00:04:56 (1321 turns).

oplop the Chiller (Merfolk Ice Elementalist)        Turns: 1321, Time: 00:04:58

Health: 0/24       AC:  7    Str:  9    XL:     3   Next: 50%
Magic:  4/7        EV:  9    Int: 14    God:
Gold:   166        SH:  0    Dex: 16    Spells: 2 memorised, 3 levels left

rFire  + . .     SeeInvis .     f - +0 mace
rCold  + . .     Gourm    .     a - +0 robe
rNeg   . . .     Faith    .     (no shield)
rPois  +         Spirit   .     (no helmet)
rElec  +         Dismiss  .     (no cloak)
rCorr  +         Reflect  .     (no gloves)
SustAt .         Harm     .     (no boots)
MR     .....                    (no amulet)
Stlth  ++........               (no ring)
                                (no ring)

@: icy armour, resistant, slow, not resistant to hostile enchantments,
unstealthy
A: change form in water, swift swim, agile 1, blurry vision 1, no device heal 1
a: no special abilities


You were on level 2 of the Dungeon.
You were not hungry.

You visited 1 branch of the dungeon, and saw 2 of its levels.

You collected 166 gold pieces.

Inventory:

Hand Weapons
 f - a +0 mace (weapon)
Armour
 a - a +0 robe (worn)
Scrolls
 d - a scroll of identify {unknown}
 g - a scroll of amnesia {unknown}
 h - a scroll of enchant weapon {unknown}
 j - a scroll of enchant armour {unknown}
Books
 b - a book of Frost

   Spells                             Type                      Level
   a - Freeze                         Ice                          1
   b - Throw Frost                    Conjuration/Ice              2
   c - Ozocubu's Armour               Charms/Ice                   3
   d - Throw Icicle                   Conjuration/Ice              4
   e - Summon Ice Beast               Ice/Summoning                4
Comestibles
 c - a bread ration
 k - 10 chunks of flesh


   Skills:
 + Level 3.5 Dodging
 - Level 2.1 Stealth
 + Level 2.7 Spellcasting
   Level 0.7 Conjurations
 + Level 3.8 Ice Magic


You had 3 spell levels left.
You knew the following spells:

 Your Spells              Type           Power        Failure   Level  Hunger
a - Freeze                Ice            ##..         4%          1    #......
b - Ozocubu's Armour      Chrm/Ice       #.......     30%         3    ###....


Dungeon Overview and Level Annotations

Branches:
Dungeon (2/15)

Altars:

Annotations:
D:2 Robin, Sigmund


Innate Abilities, Weirdness & Mutations

You revert to your normal form in water.
You are very nimble and swift while swimming.
You are agile. (Dex +2)
Scrolls take you a little longer to read.
Potions and wands are less effective at restoring your health.


Message History

* * * LOW HITPOINT WARNING * * *
The goblin closely misses you.
Drink which item? (? for menu, Esc to quit)
It was a potion of mutation.
You feel extremely strange.
Your vision blurs.
You feel agile.
Your system partially rejects artificial healing.
Something hits you.
* * * LOW HITPOINT WARNING * * *
The goblin hits you but does no damage.
Drink which item? (? for menu, Esc to quit)
It was a potion of resistance.
You feel protected. The goblin hits you but does no damage.
A goblin comes into view. It is wielding a dagger.
Something barely misses you. The goblin hits you with a club.
* * * LOW HITPOINT WARNING * * *
There is a stone staircase leading down here.
The goblin hits you with a club.
You die...

#.# #..##.# #.#.#.### #.# #...#.#
#.#.#(... #.# #.#.#.# #.#.#####
#.# #.#.#.# #.#.#.... #.# #.#...#
#.#.#.### #.##..###### #.#..<...
#..........###.#######
################.......##....†...
............g{.g@......##########
#################......# #......#
#####'## #.# #.###########
#.)..)....... #############


You could see 2 goblins.

Vanquished Creatures
  An ooze (D:1)
  A dart slug (D:1)
  A giant cockroach (D:2)
  3 hobgoblins
  6 jackals
  2 kobolds (D:1)
  2 ball pythons
  3 bats
  2 giant newts
  5 goblins
  7 rats
33 creatures vanquished.

Notes
Turn   | Place    | Note
--------------------------------------------------------------
     0 | D:1      | oplop the Merfolk Ice Elementalist began the quest for the Orb.
     0 | D:1      | Reached XP level 1. HP: 13/13 MP: 3/3
   287 | D:1      | Reached XP level 2. HP: 15/19 MP: 3/5
   851 | D:1      | Reached XP level 3. HP: 23/24 MP: 2/6
  1115 | D:2      | Noticed Sigmund
  1137 | D:2      | Noticed Robin
  1294 | D:2      | Learned a level 3 spell: Ozocubu's Armour
  1299 | D:2      | Gained mutation: Scrolls take you a little longer to read. [potion of mutation]
  1299 | D:2      | Gained mutation: You are agile. (Dex +2) [potion of mutation]
  1299 | D:2      | Gained mutation: Potions and wands are less effective at restoring your health. [potion of mutation]
  1321 | D:2      | Slain by a goblin

Skill      XL: |  1  2 |
---------------+-------+-----
Dodging        | 3 |  3.5
Stealth        | |  2.1
Spellcasting   | |  2.7
Conjurations   | |  0.7
Ice Magic      | |  3.8

Action                   || total
-------------------------++-------
Melee: Mace              ||    70
       Unarmed           ||     3
 Cast: Freeze            ||    32
       Ozocubu's Armour  ||     1
  Use: Potion            ||     2
 Stab: Sleeping          ||     4
  Eat: Chunk             ||     2
Armor: Robe              ||    31
Dodge: Dodged            ||    93
